 Dungeon Crawl Stone Soup version 0.18.1-48-g4cf74bf (webtiles) character file.

180 Qew7 the Insei (level 5, -2/34 HPs)
             Began as an Octopode Transmuter on Aug 22, 2016.
             Was a Follower of Sif Muna.
             Slain by smzp's ghost (13 damage)
             ... on level 3 of the Dungeon.
             The game lasted 00:16:36 (3059 turns).

Qew7 the Insei (Octopode Transmuter)                Turns: 3059, Time: 00:16:36

Health: -2/34      AC:  2    Str:  9 (10) XL:     5   Next: 60%
Magic:  3/9        EV: 12    Int: 21      God:    Sif Muna [*.....]
Gold:   147        SH:  0    Dex: 11 (12) Spells: 2 memorised, 6 levels left

rFire  . . .     SeeInvis .       - Unarmed
rCold  . . .     Gourm    .     (no shield)
rNeg   . . .     Faith    .     j - +1 hat
rPois  .         Spirit   .     (no amulet)
rElec  .         Dismiss  .     e - +5 ring of intelligence
rCorr  .         Reflect  .     (no ring)
SustAt .         Harm     .     (no ring)
MR     .....                    (no ring)
Stlth  +++.......               (no ring)
                                (no ring)
                                (no ring)
                                (no ring)

@: not resistant to hostile enchantments, fairly stealthy
A: almost no armour, amphibious, 8 rings, constrict 8, camouflage 1, gelatinous
body 1
a: Channel Energy, Renounce Religion


You were on level 3 of the Dungeon.
You worshipped Sif Muna.
Sif Muna was aware of your devotion.
You were not hungry.

You visited 1 branch of the dungeon, and saw 3 of its levels.

You collected 147 gold pieces.

Inventory:

Missiles
 a - 27 arrows
Armour
 h - a +0 hat
 j - a +1 hat (worn)
 k - a cursed +0 pair of gloves
Jewellery
 e - a +5 ring of intelligence (left tentacle)
Scrolls
 i - a scroll of remove curse
 l - a scroll of teleportation
Potions
 f - a potion of curing {unknown}
 g - a potion of berserk rage {unknown}
Books
 b - a book of Changes

   Spells                             Type                      Level
   a - Beastly Appendage              Transmutation                1
   b - Sticks to Snakes               Transmutation                2
   c - Spider Form                    Transmutation/Poison         3
   d - Ice Form                       Ice/Transmutation            4
   e - Blade Hands                    Transmutation                5
Comestibles
 c - 3 bread rations
 d - 2 meat rations


   Skills:
 + Level 1.8 Fighting
 + Level 2.9 Dodging
 + Level 2.6 Stealth
 + Level 3.9 Unarmed Combat
 + Level 2.8 Spellcasting
 + Level 2.6 Transmutations
 + Level 0.7 Invocations


You had 6 spell levels left.
You knew the following spells:

 Your Spells              Type           Power        Failure   Level  Hunger
a - Beastly Appendage     Trmt           ##....       6%          1    None
b - Sticks to Snakes      Trmt           ##......     10%         2    ##.....


Dungeon Overview and Level Annotations

Branches:
Dungeon (3/15)

Altars:
Dithmenos
Sif Muna

Annotations:
D:3 smzp's ghost, amateur OgGl


Innate Abilities, Weirdness & Mutations

You cannot wear most types of armour.
You are amphibious.
You can wear up to eight rings at the same time.
You can use your tentacles to constrict eight enemies at once.
Your skin changes colour to match your surroundings (Stealth).
Your rubbery body absorbs attacks (AC +1).


Message History

Smzp's ghost is lightly damaged.
Smzp's ghost hits you!
* * * LOW HITPOINT WARNING * * *
The giant cockroach barely misses your ball python.
Your ball python barely misses smzp's ghost.
You tentacle-slap smzp's ghost. Your squeeze misses smzp's ghost.
Smzp's ghost is moderately damaged.
The giant cockroach barely misses your ball python.
Smzp's ghost closely misses you.
Your ball python bites smzp's ghost.
You tentacle-slap smzp's ghost.
Smzp's ghost is moderately damaged.
The giant cockroach closely misses your ball python.
Your ball python bites smzp's ghost but does no damage.
Smzp's ghost barely misses you.
You tentacle-slap smzp's ghost but do no damage.
Smzp's ghost is moderately damaged.
The giant cockroach waves its antennae.
The giant cockroach bites your ball python.
Your ball python bites smzp's ghost.
Smzp's ghost hits you!
You die...

.##.........##..
#..............[..
#.# #.....##....
#.# ##..#..###...
#.#.##..###.(##...
#.#.....###...(...
#.#####..#....###.
#.# #W....†.....
#@# #..##...###.
#W#####......## #.
#Ss.g...#.##.# #.
#####.###..#)# #.
#.# ##.#.# ## #.#
...# #.# .### #.#
#. #.# #


You could see smzp's ghost, a giant cockroach and a friendly ball python.

Vanquished Creatures
  Natasha (D:2)
  7 adders
  An ooze (D:1)
  4 worms (D:2)
  A dart slug (D:1)
  3 giant cockroaches
  2 hobgoblins (D:2)
  A ball python (D:2)
  6 bats
  3 giant newts
  9 goblins
  5 kobolds
  6 rats
49 creatures vanquished.

Vanquished Creatures (collateral kills)
  Natasha (D:2)
  Robin (D:2)
  7 goblins (D:2)
  2 giant newts (D:2)
  A rat (D:2)
12 creatures vanquished.

Grand Total: 61 creatures vanquished

Notes
Turn   | Place    | Note
--------------------------------------------------------------
     0 | D:1      | Qew7 the Octopode Transmuter began the quest for the Orb.
     0 | D:1      | Reached XP level 1. HP: 13/13 MP: 3/3
   397 | D:1      | Reached XP level 2. HP: 17/18 MP: 3/5
   720 | D:1      | Learned a level 2 spell: Sticks to Snakes
   852 | D:2      | Reached skill level 1 in Stealth
   872 | D:2      | Found a faded altar to an unknown god.
   890 | D:2      | Reached XP level 3. HP: 9/23 MP: 6/6
  1094 | D:2      | Became a worshipper of Sif Muna the Loreminder
  1094 | D:2      | Reached * piety under Sif Muna
  1549 | D:2      | Reached XP level 4. HP: 22/29 MP: 5/7
  1887 | D:2      | Noticed Robin
  1921 | D:2      | HP: 1/29 [goblin/dagger[Robin] (1)]
  1933 | D:2      | Killed Robin
  2435 | D:2      | Noticed Natasha
  2446 | D:2      | Killed Natasha
  2446 | D:2      | Reached XP level 5. HP: 22/34 MP: 5/9
  2773 | D:2      | Noticed Natasha
  2778 | D:2      | Killed Natasha
  3007 | D:3      | Found a shadowy altar of Dithmenos.
  3019 | D:3      | Noticed smzp's ghost (amateur OgGl)
  3059 | D:3      | Slain by smzp's ghost

Skill      XL: |  1  2  3  4  5 |
---------------+----------------+-----
Stealth        | 1 2 |  2.6
Fighting       | |  1.8
Dodging        | |  2.9
Unarmed Combat | |  3.9
Spellcasting   | |  2.8
Transmutations | |  2.6
Invocations    | |  0.7

Action                   |  1- 3 |  4- 6 || total
-------------------------+-------+-------++-------
Melee: Unarmed           |    75 |    78 ||   153
       Constrict         |    17 |    11 ||    28
       Tentacles         |    12 |     8 ||    20
       Kick              |     9 |    11 ||    20
       Punch             |     2 |     3 ||     5
 Cast: Beastly Appendage |    13 |     9 ||    22
       Sticks to Snakes  |     1 |     9 ||    10
Invok: Channel Energy    |       |     3 ||     3
  Use: Scroll            |     4 |     2 ||     6
       Potion            |     1 |     1 ||     2
 Stab: Sleeping          |     2 |     4 ||     6
  Eat: Bread ration      |     1 |       ||     1
       Meat ration       |       |     1 ||     1
Armor: Skin              |    13 |    15 ||    28
Dodge: Dodged            |    45 |    62 ||   107
